| TOP OF THE 1ST |
|
Arizona State University Sun Devils batting - Pitching for University of Florida Gators : RHP Sam Rekowski
|
|
Pitching: RHP Sam Rekowski
|
|
|
Batting: LHB Eric Russell
|
0-0: Called Strike 0-1: Called Strike 0-2: Ball 1-2: Foul Ball, location: 2F 1-2: Ball 2-2: Strikes out swinging
|
|
Batting: LHB Timon Giorgiou
|
0-0: Ball 1-0: Called Strike 1-1: Foul Ball, location: 2F 1-2: Strikes out looking
|
|
Batting: SHB Manny Aponte
|
0-0: Called Strike 0-1: Swinging Strike 0-2: Strikes out swinging
|
| Top of the 1st over - 0 runs, 0 hits, 0 errors, 0 left on base; Arizona State University 0 - University of Florida 0 |
| BOTTOM OF THE 1ST |
|
University of Florida Gators batting - Pitching for Arizona State University Sun Devils : RHP Travis Varney
|
|
Pitching: RHP Travis Varney
|
|
|
Batting: RHB Marco Morales
|
0-0: Ball 1-0: Called Strike 1-1: Ball 2-1: Ground out 6-3 (Groundball, 6M, EV 95.6 MPH)
|
|
Batting: RHB Luis Cabera
|
0-0: Ball 1-0: Ball 2-0: Foul Ball, location: 2F 2-1: Foul Ball, location: 2F 2-2: Ball 3-2: Ground out U3 (Groundball, 34, EV 106.2 MPH)
|
|
Batting: RHB Ben Bailey
|
0-0: Swinging Strike 0-1: Ball 1-1: Ball 2-1: Foul Ball, location: 2F 2-2: SINGLE (Line Drive, 9S, EV 96.9 MPH)
|
|
Batting: SHB Nelson Carachure
|
0-0: Foul Ball, location: 2F 0-1: Swinging Strike 0-2: Ball Ben Bailey is caught stealing 2nd base 2-6
|
| Bottom of the 1st over - 0 runs, 1 hit, 0 errors, 0 left on base; Arizona State University 0 - University of Florida 0 |
| TOP OF THE 2ND |
|
Arizona State University Sun Devils batting - Pitching for University of Florida Gators : RHP Sam Rekowski
|
|
Batting: LHB Dustin Gill
|
0-0: Ball 1-0: Fly out, F9 (Flyball, 9LM, EV 98.1 MPH)
|
|
Batting: RHB Martin Boyle
|
0-0: Ball 1-0: Ground out 6-3 (Groundball, P, EV 87.5 MPH)
|
|
Batting: RHB John Burgis
|
0-0: Ground out 2-3 (Groundball, 2R, EV 70.6 MPH)
|
| Top of the 2nd over - 0 runs, 0 hits, 0 errors, 0 left on base; Arizona State University 0 - University of Florida 0 |
| BOTTOM OF THE 2ND |
|
University of Florida Gators batting - Pitching for Arizona State University Sun Devils : RHP Travis Varney
|
|
Batting: SHB Nelson Carachure
|
0-0: Foul Ball, location: 2F 0-1: Reached on error, E5 (Groundball, 5, EV 88.8 MPH)
|
|
Batting: LHB Terry Bayer
|
0-0: Ball 1-0: Foul Ball, location: 2F 1-1: Called Strike 1-2: Foul Ball, location: 2F 1-2: Fly out, F6 (Popup, 56, EV 60.0 MPH)
|
|
Batting: RHB Lião Weishampt
|
0-0: Called Strike 0-1: Ball 1-1: Called Strike Nelson Carachure steals 2nd base 1-2: Foul Ball, location: 2F 1-2: Ball 2-2: Foul Ball, location: 2F 2-2: Ball 3-2: Fly out, F6 (Line Drive, 6, EV 70.0 MPH) Lined into DP, 6-4 (Line Drive, 6, EV 74.4 MPH)
|
| Bottom of the 2nd over - 0 runs, 0 hits, 1 error, 0 left on base; Arizona State University 0 - University of Florida 0 |
| TOP OF THE 3RD |
|
Arizona State University Sun Devils batting - Pitching for University of Florida Gators : RHP Sam Rekowski
|
|
Batting: LHB Burraga Iukini
|
0-0: Ball 1-0: Bunted foul 1-1: Foul Ball, location: 2F 1-2: Ball 2-2: Ball 3-2: Strikes out swinging
|
|
Batting: RHB Jun-hyuk Leem
|
0-0: Called Strike 0-1: Ground out 2-3 (Groundball, 15S, EV 66.2 MPH)
|
|
Batting: RHB Carl Evans
|
0-0: Swinging Strike 0-1: Swinging Strike 0-2: Ball 1-2: Strikes out swinging
|
| Top of the 3rd over - 0 runs, 0 hits, 0 errors, 0 left on base; Arizona State University 0 - University of Florida 0 |
| BOTTOM OF THE 3RD |
|
University of Florida Gators batting - Pitching for Arizona State University Sun Devils : RHP Travis Varney
|
|
Batting: RHB Gong-sun Law
|
0-0: Ball 1-0: Foul Ball, location: 2F 1-1: Ground out 5-3 (Groundball, 56S, EV 81.9 MPH)
|
|
Batting: RHB Danny Cisneros
|
0-0: SINGLE (Groundball, 56D, EV 105.0 MPH)
|
|
Batting: RHB Juan Lopez
|
0-0: Called Strike 0-1: Ball 1-1: Fly out, F8 (Flyball, 8RS, EV 91.2 MPH)
|
|
Batting: RHB Marco Morales
|
0-0: Called Strike 0-1: Ball 1-1: Ball 2-1: Swinging Strike 2-2: Ball 3-2: Strikes out swinging
|
| Bottom of the 3rd over - 0 runs, 1 hit, 0 errors, 1 left on base; Arizona State University 0 - University of Florida 0 |
| TOP OF THE 4TH |
|
Arizona State University Sun Devils batting - Pitching for University of Florida Gators : RHP Sam Rekowski
|
|
Batting: LHB Eric Russell
|
0-0: Foul Ball, location: 2F 0-1: Ball 1-1: Ground out 4-3 (Groundball, 4S, EV 68.1 MPH)
|
|
Batting: LHB Timon Giorgiou
|
0-0: Called Strike 0-1: Ball 1-1: Ball 2-1: Ball 3-1: Foul Ball, location: 2F 3-2: Base on Balls
|
|
Batting: SHB Manny Aponte
|
0-0: Called Strike 0-1: Ball 1-1: Ball 2-1: Called Strike Timon Giorgiou steals 2nd base 2-2: Foul Ball, location: 2F 2-2: Ball 3-2: Foul Ball, location: 2F 3-2: Ground out 4-3 (Groundball, 4, EV 104.4 MPH) Timon Giorgiou to third
|
|
Batting: LHB Dustin Gill
|
0-0: Ball 1-0: Ground out 6-3 (Groundball, 6S, EV 91.2 MPH)
|
| Top of the 4th over - 0 runs, 0 hits, 0 errors, 1 left on base; Arizona State University 0 - University of Florida 0 |
| BOTTOM OF THE 4TH |
|
University of Florida Gators batting - Pitching for Arizona State University Sun Devils : RHP Travis Varney
|
|
Batting: RHB Luis Cabera
|
0-0: Ball 1-0: Foul Ball, location: 2F 1-1: Ground out 5-3 (Groundball, 56, EV 80.0 MPH)
|
|
Batting: RHB Ben Bailey
|
0-0: Foul Ball, location: 2F 0-1: Called Strike 0-2: Ball 1-2: Foul Ball, location: 2F 1-2: Ball 2-2: Ball 3-2: Base on Balls
|
|
Batting: SHB Nelson Carachure
|
0-0: Swinging Strike 0-1: Ball 1-1: Ball 2-1: Fielders Choice at 2nd, 3-6 (Groundball, 3, EV 102.5 MPH)
|
|
Batting: LHB Terry Bayer
|
0-0: Called Strike Nelson Carachure steals 2nd base (no throw) 0-1: Ball 1-1: Ball 2-1: SINGLE (Line Drive, 78M, EV 100.0 MPH) Nelson Carachure to third Runner from 3rd tries for Home, SAFE, throw by LF to home
|
|
Batting: RHB Lião Weishampt
|
0-0: Called Strike 0-1: Ball Terry Bayer is caught stealing 2nd base 2-4
|
| Bottom of the 4th over - 1 run, 1 hit, 0 errors, 0 left on base; Arizona State University 0 - University of Florida 1 |
| TOP OF THE 5TH |
|
Arizona State University Sun Devils batting - Pitching for University of Florida Gators : RHP Sam Rekowski
|
|
Batting: RHB Martin Boyle
|
0-0: Called Strike 0-1: Hit by Pitch
|
|
Batting: RHB John Burgis
|
0-0: Ball 1-0: Ball 2-0: Foul Ball, location: 2F 2-1: Foul Ball, location: 2F 2-2: Foul Ball, location: 2F 2-2: Ball 3-2: Foul Ball, location: 2F 3-2: Grounds into double play, 6-4-3 (Groundball, 6, EV 110.6 MPH)
|
|
Batting: LHB Burraga Iukini
|
0-0: Foul Ball, location: 2F 0-1: Ball 1-1: Called Strike 1-2: Ball 2-2: Foul Ball, location: 2F 2-2: Fly out, F7 (Line Drive, 7LS, EV 86.9 MPH)
|
| Top of the 5th over - 0 runs, 0 hits, 0 errors, 0 left on base; Arizona State University 0 - University of Florida 1 |
| BOTTOM OF THE 5TH |
|
University of Florida Gators batting - Pitching for Arizona State University Sun Devils : RHP Travis Varney
|
|
Batting: RHB Lião Weishampt
|
0-0: Ball 1-0: Ball 2-0: Ball 3-0: Called Strike 3-1: Swinging Strike 3-2: Foul Ball, location: 2F 3-2: Foul Ball, location: 2F 3-2: Foul Ball, location: 2F 3-2: Foul Ball, location: 2F 3-2: Foul Ball, location: 2F 3-2: SINGLE (Groundball, P, EV 91.2 MPH) (infield hit)
|
|
Pitching: LHP Jeremiah Brown
|
|
|
Batting: RHB Gong-sun Law
|
0-0: Ball 1-0: Ball 2-0: Called Strike 2-1: Ball 3-1: Base on Balls Lião Weishampt to second
|
|
Batting: RHB Danny Cisneros
|
0-0: Called Strike 0-1: Ball 1-1: Ball 2-1: 3-RUN HOME RUN (Flyball, 7LD, EV 95.6 MPH), Distance : 356 ft
|
|
Batting: RHB Juan Lopez
|
0-0: Ball 1-0: Ground out 5-3 (Groundball, 56, EV 110.0 MPH)
|
|
Batting: RHB Marco Morales
|
0-0: Ground out 3-1 (Groundball, 34S, EV 77.5 MPH)
|
|
Batting: RHB Luis Cabera
|
0-0: Called Strike 0-1: Fly out, F8 (Flyball, 8LD, EV 96.9 MPH)
|
| Bottom of the 5th over - 3 runs, 2 hits, 0 errors, 0 left on base; Arizona State University 0 - University of Florida 4 |
| TOP OF THE 6TH |
|
Arizona State University Sun Devils batting - Pitching for University of Florida Gators : RHP Sam Rekowski
|
|
Batting: RHB Jun-hyuk Leem
|
0-0: Foul Ball, location: 2F 0-1: Called Strike 0-2: Strikes out swinging
|
|
Batting: RHB Carl Evans
|
0-0: Ball 1-0: Called Strike 1-1: Ball 2-1: Foul Ball, location: 2F 2-2: Ground out 6-3 (Groundball, 4MS, EV 71.2 MPH)
|
|
Batting: LHB Eric Russell
|
0-0: Called Strike 0-1: Ball 1-1: SINGLE (Line Drive, 4D, EV 107.5 MPH)
|
|
Pitching: RHP Elliot Gallagher
|
|
|
Batting: LHB Timon Giorgiou
|
0-0: Ball Eric Russell steals 2nd base (no throw) 1-0: Foul Ball, location: 2F 1-1: Ball 2-1: Swinging Strike 2-2: Strikes out swinging
|
| Top of the 6th over - 0 runs, 1 hit, 0 errors, 1 left on base; Arizona State University 0 - University of Florida 4 |
| BOTTOM OF THE 6TH |
|
University of Florida Gators batting - Pitching for Arizona State University Sun Devils : LHP Jeremiah Brown
|
|
Batting: RHB Ben Bailey
|
0-0: Ball 1-0: Ground out 6-3 (Groundball, 6MS, EV 87.5 MPH)
|
|
Batting: SHB Nelson Carachure
|
0-0: Called Strike 0-1: Foul Ball, location: 2F 0-2: Foul Ball, location: 2F 0-2: Ball 1-2: Hit by Pitch
|
|
Batting: LHB Terry Bayer
|
0-0: Swinging Strike 0-1: Swinging Strike 0-2: Ball 1-2: Ball 2-2: Foul Ball, location: 2F 2-2: Strikes out swinging
|
|
Batting: RHB Lião Weishampt
|
0-0: Foul Ball, location: 2F 0-1: Ball 1-1: Called Strike Nelson Carachure is caught stealing 2nd base 2-4
|
| Bottom of the 6th over - 0 runs, 0 hits, 0 errors, 0 left on base; Arizona State University 0 - University of Florida 4 |
| TOP OF THE 7TH |
|
Arizona State University Sun Devils batting - Pitching for University of Florida Gators : RHP Elliot Gallagher
|
|
Batting: SHB Manny Aponte
|
0-0: Ball 1-0: Ground out 4-3 (Groundball, 34, EV 103.8 MPH)
|
|
Batting: LHB Dustin Gill
|
0-0: Foul Ball, location: 2F 0-1: Ball 1-1: Ground out 4-3 (Groundball, 4, EV 80.0 MPH)
|
|
Batting: RHB Martin Boyle
|
0-0: Ball 1-0: Foul Ball, location: 2F 1-1: Ball 2-1: SOLO HOME RUN (Flyball, 78XD, EV 106.2 MPH), Distance : 418 ft
|
|
Batting: RHB John Burgis
|
0-0: Called Strike 0-1: Ball 1-1: Foul Ball, location: 2F 1-2: Ground out 1-3 (Groundball, 13S, EV 65.0 MPH)
|
| Top of the 7th over - 1 run, 1 hit, 0 errors, 0 left on base; Arizona State University 1 - University of Florida 4 |
| BOTTOM OF THE 7TH |
|
University of Florida Gators batting - Pitching for Arizona State University Sun Devils : LHP Jeremiah Brown
|
|
Batting: RHB Lião Weishampt
|
0-0: Reached on error, E1 (Groundball, 15S, EV 63.8 MPH)
|
|
Batting: RHB Gong-sun Law
|
0-0: Bunted foul 0-1: Sac Bunt to 13S - play at first, batter OUT! 1-4 Lião Weishampt to third
|
|
Batting: RHB Danny Cisneros
|
0-0: Ball 1-0: Called Strike 1-1: Called Strike 1-2: Ball 2-2: Ground out 5-3 (Groundball, 5S, EV 90.0 MPH)
|
|
Batting: RHB Juan Lopez
|
0-0: Ground out 6-3 (Groundball, 6, EV 86.2 MPH)
|
| Bottom of the 7th over - 0 runs, 0 hits, 1 error, 1 left on base; Arizona State University 1 - University of Florida 4 |
| TOP OF THE 8TH |
|
Arizona State University Sun Devils batting - Pitching for University of Florida Gators : RHP Elliot Gallagher
|
|
Batting: LHB Burraga Iukini
|
0-0: Ball 1-0: Ball 2-0: Called Strike 2-1: Called Strike 2-2: Strikes out swinging
|
|
Batting: RHB Jun-hyuk Leem
|
0-0: Ball 1-0: Called Strike 1-1: Foul Ball, location: 2F 1-2: Ball 2-2: Ground out 6-3 (Groundball, 6, EV 78.8 MPH)
|
|
Batting: RHB Carl Evans
|
0-0: Called Strike 0-1: Foul Ball, location: 2F 0-2: Foul Ball, location: 2F 0-2: Ball 1-2: Foul Ball, location: 2F 1-2: Ball 2-2: DOUBLE (Flyball, 8LXD, EV 103.1 MPH)
|
|
Pitching: LHP Alex Zepeda
|
|
|
Batting: LHB Eric Russell
|
0-0: Ball 1-0: Ball 2-0: Ball 3-0: Base on Balls
|
|
Batting: LHB Timon Giorgiou
|
0-0: Ball 1-0: Called Strike 1-1: Called Strike 1-2: Foul Ball, location: 2F 1-2: Strikes out looking
|
| Top of the 8th over - 0 runs, 1 hit, 0 errors, 2 left on base; Arizona State University 1 - University of Florida 4 |
| BOTTOM OF THE 8TH |
|
University of Florida Gators batting - Pitching for Arizona State University Sun Devils : LHP Jeremiah Brown
|
|
Pitching: RHP Bill Dominguez
|
|
|
Batting: RHB Marco Morales
|
0-0: Foul Ball, location: 2F 0-1: Ball 1-1: Foul Ball, location: 2F 1-2: Foul Ball, location: 2F 1-2: Strikes out swinging
|
|
Batting: RHB Luis Cabera
|
0-0: Fly out, F7 (Flyball, 7LSF, EV 89.4 MPH)
|
|
Batting: RHB Ben Bailey
|
0-0: Called Strike 0-1: Ground out 6-3 (Groundball, 6, EV 98.1 MPH)
|
| Bottom of the 8th over - 0 runs, 0 hits, 0 errors, 0 left on base; Arizona State University 1 - University of Florida 4 |
| TOP OF THE 9TH |
|
Arizona State University Sun Devils batting - Pitching for University of Florida Gators : LHP Alex Zepeda
|
|
Pitching: LHP Michel Loiseau
|
|
|
Batting: SHB Manny Aponte
|
0-0: Ball 1-0: Foul Ball, location: 2F 1-1: Foul Ball, location: 2F 1-2: Fly out, F8 (Flyball, 89M, EV 73.1 MPH)
|
|
Batting: LHB Dustin Gill
|
0-0: Ball 1-0: Ball 2-0: Swinging Strike 2-1: Called Strike 2-2: Ball 3-2: SINGLE (Line Drive, 6MD, EV 94.4 MPH)
|
|
Batting: RHB Martin Boyle
|
0-0: Called Strike 0-1: Foul Ball, location: 2F 0-2: Ball 1-2: Ball 2-2: Foul Ball, location: 2F 2-2: Strikes out swinging
|
|
Batting: RHB John Burgis
|
0-0: Fly out, F8 (Flyball, 89S, EV 85.6 MPH)
|
| Top of the 9th over - 0 runs, 1 hit, 0 errors, 1 left on base; Arizona State University 1 - University of Florida 4 |
|